 Dungeon Crawl Stone Soup version 0.27.1-3-gb3d3a73c9e (webtiles) character file.

Game seed: 7692573533651274631

23 illway the Skirmisher (level 2, 24/27 HPs)
             Began as a Minotaur Berserker on Oct 23, 2021.
             Was a Follower of Trog.
             Quit the game on level 2 of the Dungeon.
             The game lasted 00:08:49 (1387 turns).

illway the Skirmisher (Minotaur Berserker)          Turns: 1387, Time: 00:08:49

Health: 24/27      AC:  2    Str: 21    XL:     2   Next: 72%
Magic:  1/1        EV: 12    Int:  4    God:    Trog [*.....]
Gold:   31         SH:  0    Dex:  9    Spells: 1/1 levels left

rFire    . . .     SeeInvis .   k - +2 short sword (venom)
rCold    . . .     Faith    .   (no shield)
rNeg     . . .     Spirit   .   b - +0 animal skin
rPois    .         Reflect  .   (helmet restricted)
rElec    .         Harm     .   (no cloak)
rCorr    .         Rampage  .   (no gloves)
Will     .....                  (no boots)
Stlth    +.........             (no amulet)
HPRegen  0.09/turn              (no ring)
MPRegen  0.07/turn              (no ring)

@: no status effects
A: horns 2, retaliatory headbutt
a: Renounce Religion, Berserk


You were on level 2 of the Dungeon.
You worshipped Trog.
Trog was aware of your devotion.
You visited 1 branch of the dungeon, and saw 2 of its levels.

You collected 31 gold pieces.

Inventory:

Hand Weapons
 a - a +0 hand axe
 k - a +2 short sword of venom (weapon)
Missiles
 g - 28 arrows
 i - 11 poisoned darts (quivered)
Armour
 b - a +0 animal skin (worn)
 d - a +0 pair of boots
 l - a +0 helmet
Scrolls
 e - a scroll of amnesia {unknown}
 f - a scroll of noise {unknown}
Potions
 c - 2 potions of heal wounds {unknown}
 h - a potion of resistance {unknown}
 j - 2 potions of lignification {unknown}


   Skills:
 + Level 4.1 Fighting
 + Level 4.1 Axes
 + Level 2.7 Armour
 + Level 2.3 Dodging


You had one spell level left.
You didn't know any spells.
Your spell library was empty.

Dungeon Overview and Level Annotations

Branches:
Dungeon (2/15)

Altars:


Innate Abilities, Weirdness & Mutations

You have a pair of horns on your head.
You reflexively headbutt those who attack you in melee.


Message History

There is an open door here.
You open the door.
There is an open door here.
Things that are here:
a +2 short sword of venom; 5 stones
Things that are here:
a +2 short sword of venom; 5 stones
k - a +2 short sword of venom Your +2 short sword of venom begins to drip with poison!
k - a +2 short sword of venom (weapon)
You see here a +0 club.
You see here a +0 club.
Found a stone staircase leading down.
There is a stone staircase leading down here.
You climb downwards.
The hobgoblin shouts!
Found 12 gold pieces and a helmet.
There is a stone staircase leading up here.
The hobgoblin closely misses you.
You hit the hobgoblin.
The hobgoblin is poisoned.
Your headbutt misses the hobgoblin.
The hobgoblin is moderately wounded.
The hobgoblin barely misses you.
A frilled lizard comes into view.
The hobgoblin hits you.
The frilled lizard hisses angrily.
You kill the hobgoblin!
Trog accepts your kill.
You see here a +0 helmet.
l - a +0 helmet You hit the frilled lizard.
You kill the frilled lizard!
Trog accepts your kill.
You can't wear that with your horns!
You see here a frilled lizard corpse.
Found 25 stones.
You now have 31 gold pieces (gained 12).
Unknown command.
Unknown command.
Are you sure you want to abandon this character and quit the game? (Confirm with "yes".)

#########
........#
#####@#########
.##.........<...#
......#.###.....#
............†...#
........###.....#
........# ####..#
......... #..#
....(.##. #..#
.....# .. ....


There were no monsters in sight!

Vanquished Creatures
  A dart slug (D:1)
  2 endoplasms (D:1)
  3 hobgoblins
  5 ball pythons (D:1)
  A frilled lizard (D:2)
  3 goblins (D:1)
  4 kobolds (D:1)
19 creatures vanquished.

Notes
Turn   | Place    | Note
-------+----------+-------------------------------------------
     0 | D:1      | illway the Minotaur Berserker began the quest for the Orb.
     0 | D:1      | Reached XP level 1. HP: 19/19 MP: 0/0
   171 | D:1      | Found a faded altar of an unknown god.
   637 | D:1      | Reached XP level 2. HP: 22/27 MP: 1/1
  1387 | D:2      | Quit the game

Illustrated notes

Levels and vault maps discovered:
D:1:      zaba_arrival_water, layout_basic, hellmonk_ecumenical_altar_crossroads
D:2:      layout_loops_ring, serial_bayou, serial_bayou_lagoon_a,
          serial_bayou_ford_a, serial_bayou_pond_b, serial_bayou_pond_e,
          chequers_serial_rivers_room_a, chequers_serial_rivers_micro_b

Skill      XL: |  1  2 |
---------------+-------+-----
Axes           | 4 |  4.1
Fighting       | 4 |  4.1
Armour         | |  2.7
Dodging        | |  2.3

Action                   || total
-------------------------++-------
Melee: Hand axe          ||    29
       Headbutt          ||     5
       Short sword       ||     2
Invok: Berserk           ||     1
Armor: Animal skin       ||     9
Dodge: Dodged            ||    22
